 Dungeon Crawl Stone Soup version 0.22-b1-21-g5cfc168 (webtiles) character file.

989 tyranidshit the Skirmisher (level 7, -2/60 HPs)
             Began as a Demonspawn Abyssal Knight on Aug 2, 2018.
             Was a Priest of Lugonu.
             Slain by Menkaure (11 damage)
             ... on level 5 of the Dungeon.
             The game lasted 00:14:01 (4702 turns).

tyranidshit the Skirmisher (DsAK)                   Turns: 4702, Time: 00:14:01

Health: -2/60      AC: 20    Str: 14    XL:     7   Next: 98%
Magic:  9/9        EV:  2    Int: 13    God:    Lugonu [***...]
Gold:   162        SH:  0    Dex: 13    Spells: 6/6 levels left

rFire    + . .     SeeInvis +   a - +2 hand axe
rCold    + . .     Gourm    .   (no shield)
rNeg     + . .     Faith    .   u - +0 crystal plate armour of Pandemonium {rF+ rC+ rN+ rCorr Stlth-}
rPois    .         Spirit   .   (helmet restricted)
rElec    .         Reflect  .   g - +1 cloak
rCorr    +         Harm     .   (no gloves)
MR       .....                  (no boots)
Stlth    ..........             i - amulet of magic regeneration
HPRegen  0.20/turn              h - ring of see invisible
MPRegen  0.36/turn              k - ring of flight

@: no status effects
A: antennae 1, powered by death 1, sturdy frame 1
a: Depart the Abyss, Bend Space, Banish, Renounce Religion, Evoke Flight


You were on level 5 of the Dungeon.
You worshipped Lugonu.
Lugonu was most pleased with you.
You were not hungry.

You visited 1 branch of the dungeon, and saw 5 of its levels.
You visited the Abyss 1 time.
You also visited: Sewer.

You collected 162 gold pieces.

Inventory:

Hand Weapons
 a - a +2 hand axe (weapon)
 m - a -3 war axe
 t - a +1 whip of electrocution
Armour
 b - a +0 leather armour
 f - a +1 plate armour
 g - a +1 cloak (worn)
 u - the +0 crystal plate armour of Pandemonium (worn) {rF+ rC+ rN+ rCorr Stlth-}
   (You found it on level 4 of the Dungeon)

   It protects you from fire.
   It protects you from cold.
   It protects you from negative energy.
   It provides partial protection from all sources of acid and corrosion.
   It makes you less stealthy.
Jewellery
 h - a ring of see invisible (left hand)
 i - an amulet of magic regeneration (around neck)
 k - a ring of flight (right hand)
Wands
 r - a wand of polymorph (9)
Scrolls
 d - a scroll of fog
 e - 3 scrolls of teleportation
 q - 4 scrolls of identify
 s - 4 scrolls of remove curse
Potions
 j - 2 potions of cancellation
 l - a potion of resistance
 n - 2 potions of magic
 o - a potion of might
 p - a potion of curing
Comestibles
 c - 6 rations


   Skills:
 - Level 7.0 Fighting
 - Level 1.7 Axes
 - Level 6.1 Armour
 - Level 0.8 Dodging
 + Level 2.9 Invocations
 + Level 0.9 Evocations


You had 6 spell levels left.
You didn't know any spells.
Your spell library contained the following spells:

 Spells                   Type           Power        Failure   Level  Hunger
 Lightning Bolt           Conj/Air       #.........   100%        5    ######.
 Shatter                  Erth           #.........   100%        9    #######
 Static Discharge         Conj/Air       #.......     100%        3    ####...
 Tornado                  Air            #.........   100%        9    #######
 Ignition                 Fire           #.........   100%        8    #######


Dungeon Overview and Level Annotations

Branches:
Dungeon (5/15)
 Temple: D:4-7

Altars:
Cheibriados
Dithmenos
Kikubaaqudgha
Makhleb
Sif Muna
Xom
Yredelemnul
Zin

Annotations:
D:5 Menkaure


Innate Abilities, Weirdness & Mutations

You have a pair of small antennae on your head.
You regenerate a little health from kills.
Your movements are slightly less encumbered by armour. (ER -2)


Message History

Your crystal plate armour of Pandemonium prevents you from hitting Menkaure.
A jelly comes into view.
Menkaure hits you!
* * * LOW HITPOINT WARNING * * *
The jelly quivers.
You hit Menkaure.
Menkaure is moderately damaged.
Menkaure calls on the powers of darkness!
Your body is wracked with pain!
* * * LOW HITPOINT WARNING * * *
The jelly convulses!
You hit Menkaure.
Menkaure is moderately damaged.
Menkaure barely misses you.
Unknown command.
You hit Menkaure but do no damage.
Menkaure is moderately damaged.
Your crystal plate armour of Pandemonium prevents you from hitting the jelly.
The jelly hits you but does no damage. Menkaure hits you!
You die...

##### # #...# ### ..
###...###.####...
#...............
#.........J.#
#........@M#
###...###.## #..## #
#...##### #.... #
##.#.## ##'## #
##.###.## ##...## . #.#
##.# ##.....## ##
##.###.####.......## ##.
##.#.####.........####..
#.......'.........'.....


You could see Menkaure and a jelly.

Vanquished Creatures
  Edmund (D:4)
  Duvessa (D:5)
  An ice beast (D:5)
  2 ogres (D:4)
  Dowan (D:5)
  A howler monkey (D:5)
  2 hounds
  An orc wizard (D:3)
  A centaur skeleton (D:5)
  An iguana (D:5)
  A worker ant (D:5)
  Robin (D:4)
  8 adders
  3 river rats (Sewer)
  A white imp (D:5)
  An ooze (D:1)
  An adder skeleton (D:5)
  3 dart slugs
  2 worms (D:2)
  7 leopard geckos
  6 orcs
  6 ball pythons
  6 bats
  5 giant cockroaches
  20 goblins
  13 hobgoblins
  6 jackals
  A quokka (D:5)
  10 frilled lizards
  9 kobolds
  21 rats
143 creatures vanquished.

Notes
Turn   | Place    | Note
-------+----------+-------------------------------------------
     0 | Abyss:1  | tyranidshit the Demonspawn Abyssal Knight began the quest for the Orb.
     0 | Abyss:1  | Reached XP level 1. HP: 18/18 MP: 2/2
    60 | Abyss:2  | Noticed a large abomination
    62 | Abyss:3  | Found a corrupted altar of Lugonu.
   150 | Abyss:3  | Noticed an apocalypse crab
   159 | Abyss:3  | Noticed an Executioner
   161 | D:1      | Escaped the Abyss
   279 | D:1      | Gained mutation: Your movements are slightly less encumbered by armour. (ER -2) [demonic ancestry]
   279 | D:1      | Reached XP level 2. HP: 11/24 MP: 3/3
   342 | D:1      | Reached * piety under Lugonu
   445 | D:1      | Reached skill level 4 in Fighting
   569 | D:1      | Reached XP level 3. HP: 30/30 MP: 4/4
  1066 | D:2      | Gained mutation: You regenerate a little health from kills. [demonic ancestry]
  1066 | D:2      | Reached XP level 4. HP: 26/38 MP: 5/5
  1092 | D:2      | Reached skill level 5 in Fighting
  1112 | D:2      | Reached ** piety under Lugonu
  1223 | D:2      | Found a shimmering altar of Xom.
  1223 | D:2      | Found a shimmering altar of Xom.
  1224 | D:2      | Found a shimmering altar of Xom.
  1224 | D:2      | Found a shimmering altar of Xom.
  1593 | D:2      | Found a deep blue altar of Sif Muna.
  1598 | D:2      | Found a snail-covered altar of Cheibriados.
  1599 | D:2      | Found a burning altar of Makhleb.
  1599 | D:2      | Found a basalt altar of Yredelemnul.
  1599 | D:2      | Found a shimmering altar of Xom.
  1599 | D:2      | Found a shadowy altar of Dithmenos.
  1600 | D:2      | Found a glowing silver altar of Zin.
  1604 | D:2      | Found an ancient bone altar of Kikubaaqudgha.
  1649 | D:3      | Gained mutation: You have a pair of small antennae on your head. [demonic ancestry]
  1649 | D:3      | Reached XP level 5. HP: 36/44 MP: 6/6
  1905 | D:3      | Found a glowing drain.
  1927 | Sewer    | Entered a sewer
  2082 | Sewer    | Reached *** piety under Lugonu
  2798 | D:4      | Noticed Robin
  2816 | D:4      | Killed Robin
  2816 | D:4      | Reached XP level 6. HP: 51/51 MP: 7/7
  2823 | D:4      | Got a brightly glowing crystal plate armour
  2834 | D:4      | Identified the cursed +0 crystal plate armour of Pandemonium {rF+ rC+ rN+ rCorr Stlth-} (You found it on level 4 of the Dungeon)
  3447 | D:4      | Reached skill level 5 in Armour
  3510 | D:4      | Noticed Edmund
  3547 | D:4      | Killed Edmund
  3633 | D:5      | Entered Level 5 of the Dungeon
  3649 | D:5      | Noticed Menkaure
  3924 | D:4      | Reached XP level 7. HP: 49/56 MP: 8/8
  3990 | D:5      | Noticed Duvessa
  3992 | D:5      | Noticed Dowan
  4014 | D:5      | Killed Dowan
  4035 | D:5      | Killed Duvessa
  4118 | D:5      | Reached skill level 6 in Fighting
  4371 | D:5      | Reached skill level 7 in Fighting
  4702 | D:5      | Slain by Menkaure

Skill      XL: |  1  2  3  4  5  6  7 |
---------------+----------------------+-----
Fighting       | 4 5 7 |  7.0
Armour         | 3 4 6 |  6.1
Axes           | |  1.7
Dodging        | |  0.8
Invocations    | |  2.9
Evocations     | |  0.9

Action                   |  1- 3 |  4- 6 |  7- 9 || total
-------------------------+-------+-------+-------++-------
Melee: Hand axe          |   127 |   349 |   144 ||   620
       Whip              |       |     1 |       ||     1
Invok: Depart the Abyss  |     1 |       |       ||     1
Evoke: Wand              |       |       |     1 ||     1
  Use: Scroll            |     4 |     7 |     1 ||    12
       Potion            |     4 |     3 |     1 ||     8
  Eat: Ration            |     1 |     2 |     1 ||     4
       Chunk             |       |     1 |       ||     1
Armor: Plate armour      |   160 |   255 |       ||   415
       Crystal plate arm |       |    42 |   211 ||   253
Dodge: Dodged            |    65 |    89 |    17 ||   171
